 Dungeon Sprint DCSS version 0.31-a0-366-ga77b45bd9b (webtiles) character file.

Game seed: 3399239452504505362

3145 Conn the Arsonist (level 9, -6/60 HPs)
             Began as an Octopode Fire Elementalist on July 28, 2023.
             Was a High Priest of Sif Muna.
             Killed from afar by a deep elf zephyrmancer (36 damage)
             ... with a bolt of lightning
             ... in the Dungeon (Sprint III: "The Ten Rune Challenge").
             The game lasted 00:08:14 (1577 turns).

Conn the Arsonist (Octopode Fire Elementalist)      Turns: 1577, Time: 00:08:15

Health: -6/60      AC:  1    Str: 11    XL:     9   Next: 93%
Magic:  1/24       EV: 14    Int: 24    God:    Sif Muna [*****.]
Gold:   2323       SH:  0    Dex: 10    Spells: 12/30 levels left

rFire   . . .        m - +0 dagger (venom)
rCold   . . .        (no shield)
rNeg    . . .        (helmet restricted)
rPois   .            (no amulet)
rElec   .            (no ring)
rCorr   .            (no ring)
SInv    .            (no ring)
Will    .....        (no ring)
Stlth   +++++        (no ring)
HPRegen 0.30/turn    (no ring)
MPRegen 0.19/turn    (no ring)
                     (no ring)

%: no teleportation
@: unable to read
A: almost no armour, amphibious, 8 rings, camouflage 1, gelatinous body 1,
(nimble swimmer 1), tentacles, clever 1, strong 1, inability to read after
injury 2
a: Renounce Religion, Channel Magic, Forget Spell, Divine Exegesis


You were in the Dungeon.
You worshipped Sif Muna.
Sif Muna was extremely pleased with you.
You visited 1 branch You collected 2710 gold pieces.
You spent 387 gold pieces at shops.

Inventory:

Hand Weapons
 e - a +0 dagger
 m - a +0 dagger of venom (weapon)
Scrolls
 f - 2 scrolls of blinking
 i - 2 scrolls of amnesia
 k - a scroll of poison
 n - a scroll of immolation
Potions
 a - 3 potions of magic
 b - 2 potions of curing
 c - 2 potions of heal wounds
 d - a potion of haste
 g - 2 potions of mutation
 h - a potion of ambrosia {unknown}
 j - 3 potions of enlightenment
 l - a potion of attraction {unknown}


   Skills:
 * Level 4.9 Fighting
 + Level 2.5 Short Blades
 + Level 5.0 Dodging
 - Level 9.3 Stealth
 + Level 2.0 Unarmed Combat
 + Level 11.2 Spellcasting
 * Level 7.7 Conjurations
 + Level 3.1 Hexes
 + Level 1.0 Translocations
 + Level 13.2 Fire Magic
 * Level 5.5 Invocations


You had 12 spell levels left.
You knew the following spells:

 Your Spells              Type           Power      Damage    Failure   Level
a - Foxfire               Conj/Fire      100%       2x1d9     1%          1
b - Scorch                Fire           100%       2d9       1%          2
c - Inner Flame           Hex/Fire       52%        N/A       1%          3
d - Flame Wave            Conj/Fire      59%        2d14      1%          4
e - Iskenderun's Mystic   Conj/Tloc      34%        2d8       8%          4
f - Fulminant Prism       Conj/Hex       19%        3d10      4%          4

Your spell library contained the following spells:

 Spells                   Type           Power      Damage    Failure   Level
 Magic Dart               Conj           100%       1d8       1%          1
 Searing Ray              Conj           100%       2d8       1%          2
 Volatile Blastmotes      Fire/Tloc      94%        2d17      1%          3
 Tukima's Dance           Hex            28%        N/A       3%          3
 Portal Projectile        Hex/Tloc       46%        N/A       6%          3


Dungeon Overview and Level Annotations

Branches:
Dungeon (1/1)

Altars:
Cheibriados
Dithmenos
Elyvilon
Fedhas
Gozag
Hepliaklqana
Kikubaaqudgha
Makhleb
Nemelex Xobeh
Okawaru
Qazlal
Ru
Sif Muna
Trog
Uskayaw
Vehumet
Wu Jian
Xom
Yredelemnul
Zin
The Shining One
Jiyva
Lugonu

Shops:
D *


Innate Abilities, Weirdness & Mutations

You cannot wear most types of armour.
You are amphibious.
You can wear up to eight rings at the same time.
Your skin changes colour to match your surroundings (Stealth+).
Your rubbery body absorbs attacks. (AC +1, EV +1)
((You are camouflaged when in or above water. (Stealth+)))
You have tentacles for arms and can constrict up to eight enemies at once.
Your mind is acute. (Int +4, Str/Dex -1)
Your muscles are strong. (Str +4, Int/Dex -1)
You sometimes lose the ability to read scrolls when taking damage.


Message History

The deep elf zephyrmancer is heavily wounded.
The blast of energy engulfs the deep elf knight!!
The deep elf knight is almost dead.
You hear a shout!
Unknown command.
Unknown command.
Unknown command.
Casting: Scorch (safe; 1% risk of failure)
Confirm with . or Enter, or press ? or * to list all spells.
You erupt in a blast of force!
The mystic blast hits the deep elf zephyrmancer.
Flame seeps out of the deep elf zephyrmancer.
The deep elf zephyrmancer is heavily wounded.
The deep elf zephyrmancer is knocked back by the mystic blast.
The deep elf zephyrmancer slams into the stone wall!
Unknown command.
Casting: Iskenderun's Mystic Blast (dangerous; 8% risk of failure)
Confirm with . or Enter, or press ? or * to list all spells.
Flames lash the deep elf zephyrmancer.
The deep elf zephyrmancer is severely wounded.
The deep elf zephyrmancer's fire resistance burns away.
Unknown command.
Casting: Scorch (safe; 1% risk of failure)
Confirm with . or Enter, or press ? or * to list all spells.
You conjure some foxfire!
The deep elf zephyrmancer mumbles some strange words.
The deep elf zephyrmancer blinks!
The foxfire hits the deep elf zephyrmancer but does no damage.
The deep elf zephyrmancer is severely wounded.
The foxfire hits the deep elf zephyrmancer!
The deep elf zephyrmancer is burned terribly!
You kill the deep elf zephyrmancer!
Sif Muna accepts your kill.
You see here Sif Muna's Compendium of Fulgent Iniquitous Liturgies {god gift}.
Sif Muna grants you a gift!
The deep elf zephyrmancer gestures at you while chanting.
The bolt of lightning hits you!!!
You feel threatened and lose the ability to read scrolls!
Ouch! That really hurt!
You die...

▓▓▓ ▓▓▓ ######
####.###.#######
__#__###.##∩....@§#...#
_.#._#.)).)....##§#...##≈
###'##)))))....##.#...≈≈≈
.....#)))))....##)#e..##≈
.....#)#)###.#.##ee.e.#
####'#)### ##.#.#######
_#...#'##############
_#...#....#.#.#.....#
_#...##.#..#.##.#


You could see a deep elf knight, a deep elf pyromancer and 2 deep elf
zephyrmancers.

Vanquished Creatures
  An orc high priest (D)
  A deep elf zephyrmancer (D)
  An orc knight (D)
  A deep elf pyromancer (D)
  An orc sorcerer (D)
  A shadow (D)
  4 two-headed ogres (D)
  A scorpion (D)
  A necrophage (D)
  A water elemental (D)
  An orc priest (D)
  A jelly (D)
  Jessica (D)
  A wizard (D)
  3 orc wizards (D)
  A necromancer (D)
  3 humans (D)
  A kobold demonologist (D)
  11 orcs (D)
  3 rats (D)
39 creatures vanquished.

Vanquished Creatures (others)
  78 foxfires (D)
  4 fulminant prisms (D)
82 creatures vanquished.

Grand Total: 121 creatures vanquished

Notes
Turn   | Place    | Note
-------+----------+-------------------------------------------
     0 | D        | Conn the Octopode Fire Elementalist began the quest for the
                  | Orb.
     0 | D        | Reached XP level 1. HP: 11/11 MP: 3/3
    44 | D        | Noticed Jessica
    51 | D        | Killed Jessica
    52 | D        | Reached skill level 5 in Fire Magic
    52 | D        | Reached XP level 2. HP: 17/17 MP: 0/6
    52 | D        | Reached XP level 3. HP: 21/21 MP: 0/7
   119 | D        | Noticed a scorpion
   127 | D        | Killed a scorpion
   128 | D        | Reached skill level 6 in Fire Magic
   128 | D        | Reached XP level 4. HP: 27/27 MP: 0/10
   137 | D        | Learned a level 2 spell: Scorch
   141 | D        | Learned a level 3 spell: Inner Flame
   146 | D        | Learned a level 4 spell: Flame Wave
   222 | D        | Reached skill level 5 in Stealth
   222 | D        | Reached skill level 7 in Fire Magic
   238 | D        | Gained mutation: Your muscles are strong. (Str +4, Int/Dex
                  | -1) [potion of mutation]
   238 | D        | Gained mutation: You occasionally lose the ability to read
                  | scrolls when taking damage. [potion of mutation]
   238 | D        | Gained mutation: You sometimes lose the ability to read
                  | scrolls when taking damage. [potion of mutation]
   238 | D        | Gained mutation: Your mind is acute. (Int +4, Str/Dex -1)
                  | [potion of mutation]
   275 | D        | Noticed a water elemental
   278 | D        | Killed a water elemental
   279 | D        | Reached skill level 5 in Spellcasting
   279 | D        | Reached XP level 5. HP: 31/31 MP: 4/12
   351 | D        | Found a radiant altar of Vehumet.
   351 | D        | Found a shimmering blue altar of Sif Muna.
   351 | D        | Found an ancient bone altar of Kikubaaqudgha.
   354 | D        | Reached skill level 8 in Fire Magic
   356 | D        | Reached skill level 1 in Unarmed Combat
   357 | D        | Became a worshipper of Sif Muna the Loreminder
   368 | D        | Learned a level 4 spell: Iskenderun's Mystic Blast
   507 | D        | Noticed a human
   508 | D        | Noticed a human
   512 | D        | Killed a human
   513 | D        | Reached skill level 9 in Fire Magic
   513 | D        | Reached XP level 6. HP: 36/36 MP: 4/15
   513 | D        | Killed a human
   514 | D        | Reached skill level 10 in Fire Magic
   514 | D        | Reached XP level 7. HP: 41/41 MP: 2/17
   611 | D        | Found an ornate altar of the Wu Jian Council.
   613 | D        | Found a hide-covered altar of Uskayaw.
   613 | D        | Found an iron altar of Okawaru.
   613 | D        | Found a bloodstained altar of Trog.
   622 | D        | Found a shadowy altar of Dithmenos.
   623 | D        | Found a basalt altar of Yredelemnul.
   623 | D        | Found a sacrificial altar of Ru.
   624 | D        | Reached * piety under Sif Muna
   682 | D        | Noticed a shadow
   686 | D        | Killed a shadow
   686 | D        | Reached ** piety under Sif Muna
   687 | D        | Reached skill level 11 in Fire Magic
   762 | D        | Found a blossoming altar of Fedhas.
   762 | D        | Found a stormy altar of Qazlal.
   763 | D        | Found a snail-covered altar of Cheibriados.
   763 | D        | Found a burning altar of Makhleb.
   763 | D        | Found a shimmering altar of Xom.
   764 | D        | Found a hazy altar of Hepliaklqana.
   764 | D        | Found an opulent altar of Gozag.
   764 | D        | Found a sparkling altar of Nemelex Xobeh.
   764 | D        | Found a corrupted altar of Lugonu.
   764 | D        | Found a viscous altar of Jiyva.
   764 | D        | Noticed a spatial vortex
   962 | D        | Reached skill level 5 in Conjurations
  1002 | D        | Reached skill level 1 in Hexes
  1002 | D        | Reached XP level 8. HP: 46/46 MP: 0/20
  1141 | D        | Found a glowing silver altar of Zin.
  1141 | D        | Found a glowing golden altar of the Shining One.
  1141 | D        | Found a white marble altar of Elyvilon.
  1144 | D        | Noticed a deep elf pyromancer
  1149 | D        | Killed a deep elf pyromancer
  1150 | D        | Reached skill level 12 in Fire Magic
  1232 | D        | Reached skill level 1 in Short Blades
  1306 | D        | Noticed a two-headed ogre
  1346 | D        | Killed a two-headed ogre
  1346 | D        | Reached *** piety under Sif Muna
  1406 | D        | Noticed an orc knight
  1408 | D        | Found Ogha's Assorted Antiques.
  1408 | D        | Noticed an orc high priest
  1408 | D        | Noticed an orc sorcerer
  1413 | D        | Reached **** piety under Sif Muna
  1413 | D        | Reached ***** piety under Sif Muna
  1413 | D        | Received a gift from Sif Muna
  1413 | D        | Killed an orc high priest
  1413 | D        | Killed an orc knight
  1413 | D        | Killed an orc sorcerer
  1414 | D        | Reached skill level 5 in Dodging
  1414 | D        | Reached skill level 1 in Translocations
  1414 | D        | Reached skill level 13 in Fire Magic
  1414 | D        | Reached skill level 5 in Invocations
  1414 | D        | Reached XP level 9. HP: 46/60 MP: 20/24
  1465 | D        | Learned a level 4 spell: Fulminant Prism
  1541 | D        | Bought a potion of heal wounds for 150 gold pieces
  1541 | D        | Bought a murky puce potion for 27 gold pieces
  1541 | D        | Bought 3 scrolls labelled HALEES LUGALU for 90 gold pieces
  1544 | D        | Bought a scroll of immolation for 120 gold pieces
  1548 | D        | Noticed a deep elf pyromancer
  1548 | D        | Noticed a deep elf zephyrmancer
  1548 | D        | Noticed a deep elf zephyrmancer
  1548 | D        | Noticed a deep elf knight
  1548 | D        | Noticed a deep elf zephyrmancer
  1577 | D        | Killed a deep elf zephyrmancer
  1577 | D        | Received a gift from Sif Muna
  1577 | D        | Killed from afar by a deep elf zephyrmancer

Illustrated notes

Levels and vault maps discovered:
D:        dungeon_sprint_mu [sprint_mu_entry_forest, sprint_mu_temple_rooms,
          sprint_mu_d1_spiders, sprint_mu_d2_genie, sprint_mu_d3_branching,
          sprint_mu_orc_legion, sprint_mu_elf_gauntlet, sprint_mu_hive_nellie,
          sprint_mu_lair_fedhas, sprint_mu_vaults_butterflies,
          sprint_mu_slime_circle, sprint_mu_swamp_cave, sprint_mu_shoals_kraken,
          sprint_mu_blade_basic, sprint_mu_crypt_fortress,
          sprint_mu_tomb_spiral, sprint_mu_vestibule_basic,
          sprint_mu_gehenna_hellfire, sprint_mu_dis_giant,
          sprint_mu_tartarus_statrot, sprint_mu_cocytus_islands, sprint_mu_zot1]

Skill      XL: |  1  2  3  4  5  6  7  8 |
---------------+-------------------------+-----
Stealth        | 4 5 7 9 |  9.3
Spellcasting   | 3 4 5 6 7 8 11 | 11.2
Fire Magic     | 5 6 7 9 10 11 13 | 13.2
Dodging        | 3 4 5 |  5.0
Conjurations   | 2 3 4 5 7 |  7.7
Unarmed Combat | 1 2 |  2.0
Hexes          | 1 3 |  3.1
Short Blades   | 2 |  2.5
Fighting       | 4 |  4.9
Invocations    | 5 |  5.5
Translocations | 1 |  1.0

Action                     |  1- 3 |  4- 6 |  7- 9 || total
---------------------------+-------+-------+-------++-------
  Melee: Unarmed           |     4 |       |       ||     4
         Constrict         |     2 |       |       ||     2
         Dagger            |     1 |     2 |     4 ||     7
         Tentacles         |       |       |     1 ||     1
   Cast: Foxfire           |    12 |     7 |    27 ||    46
         Scorch            |       |     6 |    19 ||    25
         Inner Flame       |       |     1 |     7 ||     8
         Flame Wave        |       |       |     2 ||     2
         Iskenderun's Myst |       |       |     2 ||     2
         Fulminant Prism   |       |       |     4 ||     4
    Use: Potion            |     1 |     1 |       ||     2
         Scroll            |       |       |     4 ||     4
   Stab: Sleeping          |       |     2 |     3 ||     5
 Armour: Skin              |     1 |       |     1 ||     2
  Dodge: Dodged            |     1 |       |    10 ||    11

Table legend: (Time is in decaauts)
 A = Elapsed time spent in this place.
 B = Non-inter-level travel time spent in this place.
 C = Inter-level travel time spent in this place.
 D = Time resting spent in this place.
 E = Time spent auto-exploring this place.
 F = Levels seen in this place.
 G = Mean time per level.
                   A        B        C        D        E       F      G
               +--------+--------+--------+--------+--------+-----+--------+
         Total |   1588 |   1588 |      0 |    881 |     66 |   1 | 1588.0 |
       Dungeon |   1588 |   1588 |      0 |    881 |     66 |   1 | 1588.0 |
               +--------+--------+--------+--------+--------+-----+--------+

Top non-repeatable levels by time:
       D: 1588 daAuts
